 Dungeon Crawl Stone Soup version 0.28-a0-1567-g1695149f81 (webtiles) character file.

Game seed: 8015474691129860449

136 buddhastalin the Cutter (level 5, -5/49 HPs)
             Began as a Kobold Berserker on Jan 19, 2022.
             Was a Believer of Trog.
             Slain by an ogre (19 damage)
             ... on level 3 of the Dungeon.
             The game lasted 00:04:42 (3349 turns).

buddhastalin the Cutter (Kobold Berserker)          Turns: 3349, Time: 00:04:43

Health: -5/49      AC:  3    Str: 17    XL:     5   Next: 43%
Magic:  5/5        EV: 15    Int: 14    God:    Trog [**....]
Gold:   86         SH:  0    Dex: 14    Spells: 4/4 levels left

rFire   . . .      SeeInvis .   a - +1 dagger (speed)
rCold   . . .      Faith    .   (no shield)
rNeg    . . .      Spirit   .   m - +0 leather armour
rPois   .          Reflect  .   (no helmet)
rElec   .          Harm     .   (no cloak)
rCorr   .          Rampage  .   (no gloves)
Will    .....                   (no boots)
Stlth   ..........              (no amulet)
HPRegen 0.16/turn               h - +6 ring of intelligence
MPRegen 0.09/turn               (no ring)

@: berserking, very quick
A: small, no large weapons, nightstalker 3
a: Renounce Religion, Berserk, Trog's Hand


You were on level 3 of the Dungeon.
You worshipped Trog.
Trog was pleased with you.
You visited 1 branch of the dungeon, and saw 3 of its levels.

You collected 86 gold pieces.

Inventory:

Hand Weapons
 a - a +1 dagger of speed (weapon)
Missiles
 k - 6 poisoned darts (quivered)
Armour
 m - a +0 leather armour (worn)
Jewellery
 h - a +6 ring of intelligence (left hand)
Scrolls
 b - a scroll of magic mapping {unknown}
 d - 4 scrolls of identify {unknown}
 f - 3 scrolls of vulnerability {unknown}
 g - a scroll of immolation {unknown}
 i - 2 scrolls of fear {unknown}
 j - 2 scrolls of teleportation {unknown}
Potions
 c - 2 potions of lignification {unknown}
 e - 2 potions of heal wounds {unknown}
 l - a potion of curing {unknown}


   Skills:
 + Level 4.2 Fighting
 * Level 6.0 Short Blades
 - Level 1.5 Armour
 + Level 3.7 Dodging


You had 4 spell levels left.
You didn't know any spells.
Your spell library was empty.

Dungeon Overview and Level Annotations

Branches:
Dungeon (3/15)

Altars:


Innate Abilities, Weirdness & Mutations

You are small and have problems with some larger weapons.
You are completely attuned to the shadows.


Message History

f - 3 scrolls labelled ETASUG WISCHO (gained 1)
You now have 86 gold pieces (gained 7).
Found a stone staircase leading up.
You open the door. 5 goblins and an ogre come into view.
The goblin unwields a +0 dagger.
The goblin wields a +0 hunting sling.
The goblin shoots a stone.
The stone barely misses you.
The goblin shouts! x2
Found 4 large rocks.
You hear a shout! x2
The goblin shoots a stone.
The stone hits you but does no damage.
You hear a shout!
You hear a shout! x2
A goblin comes into view. It is wielding a +0 club.
You hit the goblin.
The goblin is severely wounded.
You barely miss the goblin.
The goblin is severely wounded.
The goblin hits you with a +0 club.
You hit the goblin.
You kill the goblin!
Trog accepts your kill.
No target in view!
The ogre hits you with a +0 giant club!!
Ouch! That really hurt!
* * * LOW HITPOINT WARNING * * *
The goblin hits you but does no damage.
You hear a shout!
You see here a +0 club.
A red film seems to cover your vision as you go berserk!
You feel yourself moving faster!
You feel mighty! The goblin closely misses you. The ogre misses you.
You hit the ogre.
The ogre is moderately wounded.
The goblin misses you.
You puncture the ogre!
The ogre is severely wounded.
A goblin comes into view. It is wielding a +0 dagger.
The ogre hits you with a +0 giant club!!
You die...

#....####...###..##....
>..#.## .... ##..##...
####.# #... ##..#...
###...##. #.. ##.##..
....<....# . #.#...
....###### #.##.#...
..#..ggg## #..#...#> .
##'##gO## .........


#gg ##@.## ##....... #gg #....##########.... #gO #..#...............
#......#####>...... ....#.<...........#. #########...#....... ###.......#.
#####..... #####. You could see an ogre and 4 goblins.

Vanquished Creatures
  Jessica (D:2)
  4 adders (D:3)
  4 dart slugs
  An orc (D:3)
  6 bats
  8 endoplasms
  A giant cockroach (D:3)
  5 goblins
  6 hobgoblins
  A quokka (D:1)
  7 ball pythons
  4 frilled lizards
  13 kobolds
61 creatures vanquished.

Notes
Turn   | Place    | Note
-------+----------+-------------------------------------------
     0 | D:1      | buddhastalin the Kobold Berserker began the quest for the
                  | Orb.
     0 | D:1      | Reached XP level 1. HP: 14/14 MP: 1/1
   214 | D:1      | Reached XP level 2. HP: 11/19 MP: 2/2
  1027 | D:1      | Reached XP level 3. HP: 20/23 MP: 3/3
  1078 | D:1      | Found a faded altar of an unknown god.
  1505 | D:1      | Reached skill level 5 in Short Blades
  1524 | D:1      | Reached ** piety under Trog
  2042 | D:2      | Noticed Jessica
  2051 | D:2      | Killed Jessica
  2052 | D:2      | Reached XP level 4. HP: 26/29 MP: 4/4
  2867 | D:3      | Reached XP level 5. HP: 26/33 MP: 5/5
  3216 | D:3      | Reached skill level 6 in Short Blades
  3330 | D:3      | Noticed an ogre
  3349 | D:3      | Slain by an ogre

Illustrated notes

Levels and vault maps discovered:
D:1:      heliophobic_arrival_battle_scene, layout_loops_corners,
          hellmonk_ecumenical_altar_lost_god, fountainhead, lemuel_old_faithful
D:2:      minmay_kobold_bridge, layout_basic, uniq_jessica
D:3:      layout_rooms, minmay_ogre_servants, uniq_sigmund

Skill      XL: |  1  2  3  4  5 |
---------------+----------------+-----
Dodging        | 3 |  3.7
Short Blades   | 5 6 |  6.0
Fighting       | 4 |  4.2
Armour         | |  1.5

Action                   |  1- 3 |  4- 6 || total
-------------------------+-------+-------++-------
Melee: Short sword       |   130 |    23 ||   153
       Punch             |     2 |       ||     2
       Dagger            |       |    91 ||    91
Invok: Berserk           |     1 |     1 ||     2
 Stab: Sleeping          |    10 |     1 ||    11
Armor: Animal skin       |    18 |     4 ||    22
       Leather armour    |       |     8 ||     8
Dodge: Dodged            |    90 |    55 ||   145

Table legend: (Time is in decaauts)
 A = Elapsed time spent in this place.
 B = Non-inter-level travel time spent in this place.
 C = Inter-level travel time spent in this place.
 D = Time resting spent in this place.
 E = Time spent auto-exploring this place.
 F = Levels seen in this place.
 G = Mean time per level.
                   A        B        C        D        E       F      G
               +--------+--------+--------+--------+--------+-----+--------+
         Total |   3296 |   3219 |     77 |   1138 |   1622 |   3 | 1098.7 |
       Dungeon |   3296 |   3219 |     77 |   1138 |   1622 |   3 | 1098.7 |
               +--------+--------+--------+--------+--------+-----+--------+

Top non-repeatable levels by time:
     D:1: 1868 daAuts
     D:2: 949 daAuts
     D:3: 479 daAuts
